 Dungeon Sprint DCSS version 0.25.1-1-g288607f5aa (webtiles) character file.

Game seed: 4232282802266291317

317804 jt the Bringer of Light (level 15, 121/144 HPs)
             Began as a Formicid Fighter on July 26, 2020.
             Was the Champion of the Shining One.
             Escaped with the Orb!
             The game lasted 00:34:34 (4919 turns).

jt the Bringer of Light (Formicid Fighter)          Turns: 4919, Time: 00:34:35

Health: 121/144    AC: 33    Str: 31    XL:     15   Next: 51%
Magic:  28/29      EV:  7    Int: 16    God:    the Shining One [******]
Gold:   4390       SH: 23    Dex: 12    Spells: 14/14 levels left

rFire    + + +     SeeInvis +   a - +9 battleaxe (holy)
rCold    + + .     Gourm    .   m - +1 tower shield of Forchiagu {Slay+3}
rNeg     + + +     Faith    .   K - +3 gold dragon scales
rPois    +         Spirit   +   (helmet unavailable)
rElec    +         Reflect  .   F - scarf {rC+ rF+}
rCorr    +         Harm     .   O - +2 pair of gloves {Str+3}
MR       ++...                  k - +0 pair of boots "Kidghe" {rElec rF+ MR+ rCorr}
Stlth    ..........             x - amulet of guardian spirit
HPRegen  0.34/turn              T - ring "Lithrikhluf" {rN+ Int+7 Stlth+}
MPRegen  0.21/turn              V - ring of Xahemu {rPois rF+ Str+2}

@: glowing, studying 3 skills
A: permanent stasis, dig shafts and tunnels, four strong arms, antennae 3, icy
blue scales 1, thin skeletal structure 1, deterioration 1, screaming 1, wild
magic 1, no potion heal 1
0: Orb of Zot
a: Dig, Divine Shield, Cleansing Flame, Summon Divine Warrior, Renounce Religion


You escaped.
You worshipped the Shining One.
The Shining One was exalted by your worship.
You were not hungry.

You visited 1 branch You collected 6908 gold pieces.
You spent 2518 gold pieces at shops.

Inventory:

Hand Weapons
 a - a +9 battleaxe of holy wrath (weapon)
 h - a +0 arbalest
 z - a +2 vampiric demon whip
 G - the +5 whip "Parusiba" {distort, Str+2, unknown}
   (You found it in the Dungeon)

   It warps and distorts space around it.
   Unwielding it can cause banishment or high damage.
   It affects your strength (+2).
 L - the +5 mace "Conservator" {flame, Str+7}
   (You found it in the Dungeon)

   It has been specially enchanted to burn those struck by it, causing extra
   injury to most foes and up to half again as much damage against particularly
   susceptible opponents.
   It affects your strength (+7).
 N - a +3 longbow of flaming
 R - a +2 eveningstar of protection
Missiles
 c - 7 curare-tipped darts
 j - 75 bolts
 n - 38 poisoned darts (quivered)
 s - 191 stones
 y - 113 arrows
Armour
 d - the +2 shield of Resistance {rF+ rC+ MR+}
   (You acquired it in the Dungeon)

   It protects you from fire.
   It protects you from cold.
   It affects your resistance to hostile enchantments.
 k - the +0 pair of boots "Kidghe" (worn) {rElec rF+ MR+ rCorr}
   (You found it in the Dungeon)

   It protects you from fire.
   It insulates you from electricity.
   It affects your resistance to hostile enchantments.
   It provides partial protection from all sources of acid and corrosion.
 m - the +1 tower shield of Forchiagu (worn) {Slay+3}
   (You bought it in a shop in the Dungeon)

   It affects your accuracy and damage with ranged weapons and melee attacks
   (+3).
 F - a scarf of resistance (worn)
 K - +3 gold dragon scales (worn)
 O - a +2 pair of gloves of strength (worn)
 P - the +0 pair of boots of Orthodoxy {rF+ Int+6}
   (You acquired it in the Dungeon)

   It affects your intelligence (+6).
   It protects you from fire.
 Q - a +1 cloak of preservation
Magical Staves
 A - an uncursed staff of wizardry
Jewellery
 b - an uncursed amulet of the acrobat
 x - an amulet of guardian spirit (around neck)
 S - the amulet "Reumes" {Inacc MR++}
   (You found it in the Dungeon)

   [amulet of inaccuracy]

   It reduces the accuracy of all your attacks.
   It affects your resistance to hostile enchantments.
 T - the ring "Lithrikhluf" (left hand) {rN+ Int+7 Stlth+}
   (You found it in the Dungeon)

   [ring of stealth]

   It affects your intelligence (+7).
   It protects you from negative energy.
   It makes you more stealthy.
 V - the ring of Xahemu (right hand) {rPois rF+ Str+2}
   (You acquired it in the Dungeon)

   [ring of poison resistance]

   It affects your strength (+2).
   It protects you from fire.
   It protects you from poison.
Wands
 D - a wand of disintegration (12)
 E - a wand of iceblast (4)
Scrolls
 p - 2 scrolls of amnesia {unknown}
 u - a scroll of fog
 w - 3 scrolls of remove curse
 X - a scroll of fear
 Y - a scroll of immolation
Potions
 e - 4 potions of curing
 g - 2 potions of heal wounds
 i - 21 potions of magic
 r - a potion of brilliance
 t - 2 potions of resistance
 v - 30 potions of mutation
 C - 2 potions of flight
 M - 3 potions of cancellation
Books
 o - a manual of Translocations
 U - a manual of Maces & Flails
 W - a manual of Evocations
Miscellaneous
 l - a phial of floods
 q - a lightning rod (4/4)
 J - a tin of tremorstones (3/3)
Comestibles
 f - 2 rations


   Skills:
 + Level 21.4 Fighting
 + Level 21.3 Axes
 + Level 19.1 Armour
 - Level 15.0 Shields
 + Level 21.9 Invocations
 - Level 8.8 Evocations


You had 14 spell levels left.
You didn't know any spells.
Your spell library contained the following spells:

 Spells                   Type           Power        Failure   Level  Hunger
 Animate Skeleton         Necr           N/A          97%         1    ##.....
 Foxfire                  Conj/Fire      #...         97%         1    ##.....
 Pain                     Necr           #...         97%         1    ##.....
 Sandblast                Erth           #.....       97%         1    ##.....
 Ensorcelled Hibernation  Hex/Ice        #.....       99%         2    ###....
 Passwall                 Tmut/Erth      #.......     99%         2    ###....
 Slow                     Hex            #.......     99%         2    ###....
 Sticks to Snakes         Tmut           #.......     99%         2    ###....
 Inner Flame              Hex/Fire       #.......     100%        3    ####...
 Vampiric Draining        Necr           #.........   100%        3    ####...
 Animate Dead             Necr           N/A          100%        4    #####..
 Cause Fear               Hex            #.........   100%        4    #####..
 Leda's Liquefaction      Hex/Erth       #.........   100%        4    #####..
 Agony                    Necr           #.......     100%        5    ######.
 Bolt of Magma            Conj/Fire/Erth #.........   100%        5    ######.
 Lee's Rapid Deconstruct  Erth           #.........   100%        5    ######.
 Silence                  Hex/Air        #.........   100%        5    ######.
 Darkness                 Hex            #.........   100%        6    #######
 Invisibility             Hex            #.......     100%        6    #######
 Statue Form              Tmut/Erth      #........    100%        6    #######
 Dragon Form              Tmut           #.........   100%        7    #######
 Dragon's Call            Summ           #.........   100%        9    #######
 Swiftness                Chrm/Air       Unusable     N/A         2    N/A
 Passage of Golubria      Tloc           Unusable     N/A         4    N/A

Dungeon Overview and Level Annotations

Branches:
Dungeon (1/1)

Altars:
Cheibriados
Dithmenos
Elyvilon
Fedhas
Gozag
Hepliaklqana
Kikubaaqudgha
Makhleb
Nemelex Xobeh
Okawaru
Qazlal
Ru
Sif Muna
Trog
Uskayaw
Vehumet
Wu Jian
Xom
Yredelemnul
Zin
The Shining One
Beogh
Jiyva
Lugonu

Shops:
D :[=:[!!=!??}(}[*=%[!(%:!:

Annotations:
D exclusion: oklob plant


Innate Abilities, Weirdness & Mutations

You cannot be hasted, slowed, berserked, paralysed or teleported.
You can dig through walls and to a lower floor.
Your four strong arms can wield two-handed weapons with a shield.
You have a pair of large antennae on your head. (SInv)
You are partially covered in icy blue scales. (AC +2)
You have a somewhat thin skeletal structure. (Dex +2, Stealth)
Your body sometimes deteriorates upon taking damage.
You occasionally shout uncontrollably at your foes.
Your spells are a little harder to cast, but a little more powerful.
Potions are less effective at restoring your health.


Message History

The Orb Guardian misses you.
You chop the Orb Guardian into pieces!!!
You kill the Orb Guardian!
Your Armour skill increases to level 19!
You are starting to lose your buoyancy.
You float gracefully downwards.
There is an open door here.
A smoke demon comes into view.
There is an open door, spattered with blood here.
There is a staircase leading out of the dungeon here.
You slice the smoke demon!!
The smoke demon convulses!
The smoke demon is almost dead.
The smoke demon closely misses you.
The smoke demon hits you but does no damage.
You block the smoke demon's attack.
You cut the smoke demon into ribbons!!!
You kill the smoke demon!
The Shining One accepts your kill.
You feel better.
You have escaped!

##########≈≈#+++#+++#####..^.# ##
#########≈≈≈.........#))'..((# .#
.....∩.∩#≈≈≈≈.##'##..#..####|#{.#
....∩.∩.#≈≈≈≈##...##.####!.'.##(#
...∩.∩..#≈≈≈≈#..#..#....#..#...##
?.∩.∩...#≈≈####...####..#####..##
.⌠.∩....#≈##.###'###.##..#..'..#.
..∩.∩...#≈#...##.##.#.#..#..#.^#.
...∩.∩..'≈'##.'.@.'###'..####..##
....∩.∩.#≈#...##.##.#.#....###.^.
▓▓▓▓▓▓###≈##.###'###.##......≈≈≈≈
)ZD######≈≈####.#.####≈≈.....≈#'#
!?Z#G ##≈≈≈#..#..#≈≈≈§≈≈≈..≈#..
∩P=+$? #'#≈###.###≈§≈§≈≈≈≈.≈#..
%$.#?# #.#≈≈##'##≈≈§≈≈§§§≈§≈#..
(.[ ##{ ####≈≈≈≈≈≈≈≈§≈≈§§§§≈≈#..
#+# { {{ #+++#+++#≈≈≈§≈≈≈≈≈#._


There were no monsters in sight!

Vanquished Creatures
  A greater mummy (D)
  A curse toe (D)
  A profane servitor (D)
  A golden dragon (D)
  A hellephant (D)
  An Orb Guardian (D)
  A quicksilver dragon (D)
  A deep elf blademaster (D)
  A kraken (D)
  Murray (D)
  Gastronok (D)
  A storm dragon (D)
  Roxanne (D)
  A draconian shifter (D)
  An angel (D)
  A vampire knight (D)
  Nessos (D)
  A dire elephant (D)
  A lorocyproca (D)
  An ice dragon (D)
  An iron elemental (D)
  2 hell hogs (D)
  Sonja (D)
  A soul eater (D)
  3 sixfirhies (D)
  2 deep trolls (D)
  2 death drakes (D)
  A glowing orange brain (D)
  An obsidian statue (D)
  A harpy (D)
  10 shining eyes (D)
  3 orc sorcerers (D)
  A merfolk siren (D)
  A smoke demon (D)
  An ice statue (D)
  An eye of devastation (D)
  A yaktaur (D)
  A tormentor (D)
  3 polar bears (D)
  A hornet (D)
  2 hippogriffs (D)
  6 flying skulls (D)
  10 floating eyes (D)
  2 swamp drakes (D)
  4 necrophages (D)
  4 crocodiles (D)
  A scorpion (D)
  4 lava snakes (D)
  4 orc priests (D)
  A jelly (D)
  4 worker ants (D)
  3 tentacles (D)
103 creatures vanquished.

Vanquished Creatures (collateral kills)
  Gloorx Vloq (D)
  2 quicksilver dragons (D)
  2 lorocyprocas (D)
  2 shining eyes (D)
7 creatures vanquished.

Vanquished Creatures (others)
  A golden eye (D)
  Menkaure (D)
  A crocodile (D)
  2 ballistomycete spores (D)
  23 tentacles (D)
28 creatures vanquished.

Grand Total: 138 creatures vanquished

Notes
Turn   | Place    | Note
-------+----------+-------------------------------------------
     0 | D        | jt the Formicid Fighter began the quest for the Orb.
     0 | D        | Reached XP level 1. HP: 18/18 MP: 1/1
     1 | D        | Noticed a worker ant
     1 | D        | Noticed a worker ant
     1 | D        | Noticed a worker ant
     1 | D        | Noticed a worker ant
     4 | D        | Killed a worker ant
     4 | D        | Reached XP level 2. HP: 20/24 MP: 2/2
     4 | D        | Reached XP level 3. HP: 24/29 MP: 3/3
     8 | D        | Reached skill level 5 in Axes
    10 | D        | Reached XP level 4. HP: 30/35 MP: 4/4
    23 | D        | Noticed a hippogriff
    23 | D        | Noticed a hippogriff
    24 | D        | Killed Menkaure
    26 | D        | Killed a hippogriff
    26 | D        | Reached skill level 10 in Axes
    26 | D        | Reached XP level 5. HP: 38/41 MP: 5/5
    26 | D        | Reached XP level 6. HP: 43/47 MP: 6/6
    32 | D        | Killed a hippogriff
    32 | D        | Reached XP level 7. HP: 37/52 MP: 7/7
    34 | D        | Noticed a merfolk siren
    40 | D        | Killed a merfolk siren
    40 | D        | Reached XP level 8. HP: 42/58 MP: 8/8
   114 | D        | Noticed an ice statue
   128 | D        | Found Lynluh's Food Emporium.
   129 | D        | Found Xasuoz's General Store.
   130 | D        | Found Niefrine's Antique Weapon Shoppe.
   130 | D        | Found Naov Ena's Gadget Emporium.
   130 | D        | Found Paumox's Magic Scroll Shoppe.
   131 | D        | Found Apheefyt's Distillery.
   131 | D        | Found Xoigel's Jewellery Shoppe.
   131 | D        | Found Doit's Antique Armour Shoppe.
   131 | D        | Found Zeixerihi's Distillery.
   132 | D        | Found Neomia's Antique Armour Shoppe.
   132 | D        | Found Wocse's Book Emporium.
   132 | D        | Found Geisisku's Jewellery Shoppe.
   132 | D        | Found Waneczo's Magic Scroll Emporium.
   133 | D        | Found Feqiy's Antique Armour Shoppe.
   133 | D        | Found Orof's Gadget Emporium.
   135 | D        | Noticed a fire dragon
   135 | D        | Noticed an oklob plant
   136 | D        | Found Zaesuoz's Book Shoppe.
   142 | D        | Noticed a great orb of eyes
   162 | D        | Bought a dazzling tower shield for 228 gold pieces
   174 | D        | Identified the +1 tower shield of Forchiagu {Slay+3} (You
                  | bought it in a shop in the Dungeon)
   189 | D        | Bought a potion of heal wounds for 60 gold pieces
   189 | D        | Bought a potion of heal wounds for 60 gold pieces
   189 | D        | Bought 2 potions of curing for 72 gold pieces
   204 | D        | Bought a glowing broad axe for 224 gold pieces
   346 | D        | Found a blossoming altar of Fedhas.
   347 | D        | Found a white marble altar of Elyvilon.
   347 | D        | Found an opulent altar of Gozag.
   347 | D        | Found a burning altar of Makhleb.
   348 | D        | Found a shadowy altar of Dithmenos.
   348 | D        | Found a corrupted altar of Lugonu.
   349 | D        | Found a snail-covered altar of Cheibriados.
   349 | D        | Found an ancient bone altar of Kikubaaqudgha.
   349 | D        | Found a bloodstained altar of Trog.
   350 | D        | Found a roughly hewn altar of Beogh.
   350 | D        | Found a viscous altar of Jiyva.
   350 | D        | Found a shimmering blue altar of Sif Muna.
   350 | D        | Found a sparkling altar of Nemelex Xobeh.
   350 | D        | Found a hide-covered altar of Uskayaw.
   350 | D        | Found a basalt altar of Yredelemnul.
   351 | D        | Found a hazy altar of Hepliaklqana.
   351 | D        | Found a sacrificial altar of Ru.
   352 | D        | Found a stormy altar of Qazlal.
   352 | D        | Found an ornate altar of the Wu Jian Council.
   352 | D        | Found a shimmering altar of Xom.
   352 | D        | Noticed a polar bear
   356 | D        | Found an iron altar of Okawaru.
   356 | D        | Found a radiant altar of Vehumet.
   371 | D        | Killed a polar bear
   371 | D        | Reached skill level 15 in Axes
   431 | D        | Found a glowing golden altar of the Shining One.
   431 | D        | Noticed a hornet
   431 | D        | Noticed a polar bear
   431 | D        | Noticed a polar bear
   433 | D        | Noticed a yaktaur
   446 | D        | Killed a hornet
   457 | D        | Killed a polar bear
   457 | D        | Reached XP level 9. HP: 42/66 MP: 9/9
   460 | D        | Killed a yaktaur
   460 | D        | Reached skill level 5 in Fighting
   460 | D        | Reached skill level 5 in Armour
   597 | D        | Killed a polar bear
   597 | D        | Reached skill level 10 in Shields
   700 | D        | Found a glowing silver altar of Zin.
   710 | D        | Became a worshipper of the Shining One
   725 | D        | Noticed a kraken
   816 | D        | Reached * piety under the Shining One
   816 | D        | Reached ** piety under the Shining One
   826 | D        | Noticed an obsidian statue
  1137 | D        | Bought a wand of disintegration (15) for 190 gold pieces
  1142 | D        | Bought a wand of iceblast (10) for 196 gold pieces
  1329 | D        | Gained mutation: Armour fits poorly on your strangely
                  | shaped body. [potion of mutation]
  1329 | D        | Gained mutation: You have a somewhat thin skeletal
                  | structure. (Dex +2, Stealth) [potion of mutation]
  1329 | D        | Gained mutation: You have an increased reservoir of magic.
                  | (+10% MP) [potion of mutation]
  1333 | D        | Noticed a deep troll
  1333 | D        | Noticed a deep troll
  1333 | D        | Reached *** piety under the Shining One
  1337 | D        | Killed a deep troll
  1345 | D        | Killed a deep troll
  1345 | D        | Reached XP level 10. HP: 30/82 MP: 3/11
  1417 | D        | Bought a runed scarf for 120 gold pieces
  1635 | D        | Killed a kraken
  1635 | D        | Reached skill level 5 in Invocations
  1683 | D        | Noticed a sixfirhy
  1685 | D        | Noticed a sixfirhy
  1691 | D        | Noticed a rust devil
  1691 | D        | Noticed an ice devil
  1692 | D        | Noticed a sixfirhy
  1696 | D        | Killed an obsidian statue
  1696 | D        | Reached skill level 10 in Fighting
  1696 | D        | Reached skill level 5 in Evocations
  1697 | D        | Noticed a sixfirhy
  1697 | D        | Reached **** piety under the Shining One
  1704 | D        | Found Naits's Book Shoppe.
  1705 | D        | Found Fuohoce's Weapon Boutique.
  1705 | D        | Reached ***** piety under the Shining One
  1729 | D        | Killed a sixfirhy
  1729 | D        | Reached XP level 11. HP: 29/92 MP: 5/17
  1729 | D        | Killed a sixfirhy
  1735 | D        | Killed a sixfirhy
  1982 | D        | Identified the cursed +2 spear "Meblishru" {drain, rPois
                  | rN++ Int-3 Stlth-}
  2044 | D        | Found Himmuin's Jewellery Shoppe.
  2107 | D        | Found Rumeiran's Distillery.
  2109 | D        | Found Eraosug's Antique Armour Shop.
  2110 | D        | Noticed Nessos
  2113 | D        | Killed Nessos
  2118 | D        | Got a glimmering mace
  2120 | D        | Bought a potion of cancellation for 112 gold pieces
  2125 | D        | Bought a pair of embroidered gloves for 202 gold pieces
  2156 | D        | Identified the +5 mace "Conservator" {flame, Str+7} (You
                  | found it in the Dungeon)
  2163 | D        | Identified 4 scrolls of acquirement
  2163 | D        | Acquired a +7 battleaxe of electrocution
  2166 | D        | Acquired 2190 gold pieces
  2168 | D        | Acquired the +0 pair of boots of Orthodoxy {rF+ Int+6}
  2182 | D        | Acquired the +2 shield of Resistance {rF+ rC+ MR+}
  2183 | D        | Found the +2 shield of Resistance {rF+ rC+ MR+}
  2185 | D        | Noticed Gastronok
  2185 | D        | Reached ****** piety under the Shining One
  2191 | D        | Killed Gastronok
  2298 | D        | Noticed a dire elephant
  2298 | D        | Noticed an orc sorcerer
  2298 | D        | Noticed an orc sorcerer
  2298 | D        | Noticed an orc sorcerer
  2301 | D        | Noticed a sixfirhy
  2306 | D        | Killed a dire elephant
  2306 | D        | Reached skill level 15 in Shields
  2306 | D        | Reached skill level 10 in Invocations
  2308 | D        | Killed an orc sorcerer
  2314 | D        | Killed an orc sorcerer
  2314 | D        | Reached XP level 12. HP: 87/105 MP: 16/22
  2361 | D        | Got a heavily runed iron amulet
  2365 | D        | Got a glittering tin ring
  2366 | D        | Identified the amulet "Reumes" {Inacc MR++} (You found it
                  | in the Dungeon)
  2367 | D        | Identified the ring "Lithrikhluf" {rN+ Int+7 Stlth+} (You
                  | found it in the Dungeon)
  2369 | D        | Identified the Incunabulum of Reason
  2372 | D        | Identified the +0 pair of boots "Kidghe" {rElec rF+ MR+
                  | rCorr} (You found it in the Dungeon)
  2441 | D        | Identified Roxanne's Volume of the Rocks
  2441 | D        | Noticed Roxanne
  2720 | D        | Noticed a golden dragon
  2735 | D        | Killed a golden dragon
  3009 | D        | Acquired the ring of Xahemu {rPois rF+ Str+2}
  3013 | D        | Acquired a manual of Evocations
  3015 | D        | Acquired 470 gold pieces
  3018 | D        | Found Methruant's Book Boutique.
  3018 | D        | Found Viajinet's Distillery.
  3018 | D        | Found Serer's Food Emporium.
  3018 | D        | Found Olla Nie's Distillery.
  3018 | D        | Noticed a storm dragon
  3031 | D        | Killed a storm dragon
  3031 | D        | Reached skill level 15 in Fighting
  3031 | D        | Reached skill level 10 in Armour
  3039 | D        | Bought a ration for 50 gold pieces
  3039 | D        | Bought a ration for 50 gold pieces
  3039 | D        | Bought a ration for 50 gold pieces
  3039 | D        | Bought a ration for 50 gold pieces
  3039 | D        | Bought a ration for 50 gold pieces
  3041 | D        | Bought a potion of cancellation for 112 gold pieces
  3041 | D        | Bought a potion of resistance for 140 gold pieces
  3041 | D        | Bought a potion of cancellation for 112 gold pieces
  3341 | D        | Bought a scroll of enchant armour for 105 gold pieces
  3341 | D        | Bought a scroll of enchant armour for 105 gold pieces
  3345 | D        | Bought a scroll of remove curse for 39 gold pieces
  3345 | D        | Bought a scroll of enchant weapon for 97 gold pieces
  3346 | D        | Bought a scroll of fear for 45 gold pieces
  3348 | D        | Bought a scroll of immolation for 49 gold pieces
  3382 | D        | Noticed a death drake
  3399 | D        | Killed a death drake
  3410 | D        | Noticed a death drake
  3558 | D        | Killed a death drake
  3570 | D        | Noticed an ice dragon
  3575 | D        | Killed an ice dragon
  3590 | D        | Noticed a hell hog
  3590 | D        | Noticed a hell hog
  3592 | D        | Killed a hell hog
  3592 | D        | Reached XP level 13. HP: 116/117 MP: 26/26
  3595 | D        | Reached skill level 15 in Invocations
  3603 | D        | Noticed a deep elf master archer
  4013 | D        | Noticed a yellow draconian shifter
  4013 | D        | Noticed a hellephant
  4020 | D        | Killed a yellow draconian shifter
  4026 | D        | Killed a hellephant
  4029 | D        | Noticed Sonja
  4039 | D        | Killed Sonja
  4159 | D        | Noticed a deep elf blademaster
  4166 | D        | Killed a deep elf blademaster
  4269 | D        | Killed Roxanne
  4320 | D        | Gained mutation: You are frail. (-10% HP) [a shining eye]
  4321 | D        | Gained mutation: Scrolls take you a little longer to read.
                  | [a shining eye]
  4325 | D        | Reached skill level 15 in Armour
  4325 | D        | Reached XP level 14. HP: 117/117 MP: 16/29
  4325 | D        | Gained mutation: You are dopey. (Int -2) [a shining eye]
  4326 | D        | Gained mutation: Potions are less effective at restoring
                  | your health. [a shining eye]
  4326 | D        | Gained mutation: You occasionally shout uncontrollably at
                  | your foes. [a shining eye]
  4359 | D        | Noticed a quicksilver dragon
  4365 | D        | Noticed a lorocyproca
  4367 | D        | Killed a quicksilver dragon
  4369 | D        | Killed a lorocyproca
  4443 | D        | Got a faintly glowing whip
  4454 | D        | Lost mutation: Scrolls take you a little longer to read.
                  | [potion of mutation]
  4454 | D        | Lost mutation: You are frail. (-10% HP) [potion of
                  | mutation]
  4454 | D        | Lost mutation: Armour fits poorly on your strangely shaped
                  | body. [potion of mutation]
  4454 | D        | Lost mutation: You are dopey. (Int -2) [potion of mutation]
  4454 | D        | Gained mutation: Your spells are a little harder to cast,
                  | but a little more powerful. [potion of mutation]
  4454 | D        | Gained mutation: Your body sometimes deteriorates upon
                  | taking damage. [potion of mutation]
  4454 | D        | Lost mutation: You have an increased reservoir of magic.
                  | (+10% MP) [potion of mutation]
  4454 | D        | Gained mutation: You are partially covered in icy blue
                  | scales. (AC +2) [potion of mutation]
  4480 | D        | Noticed a lorocyproca
  4485 | D        | Noticed a quicksilver dragon
  4485 | D        | Killed a lorocyproca
  4486 | D        | Noticed a lorocyproca
  4488 | D        | Noticed a quicksilver dragon
  4489 | D        | Killed a quicksilver dragon
  4494 | D        | Killed a lorocyproca
  4497 | D        | Killed a quicksilver dragon
  4533 | D        | Identified a +9 battleaxe of holy wrath (a +8 battleaxe of
                  | electrocution blessed by the Shining One)
  4533 | D        | Received a gift from the Shining One
  4537 | D        | Noticed Murray
  4543 | D        | Killed Murray
  4546 | D        | Noticed Gloorx Vloq
  4546 | D        | Noticed a curse toe
  4548 | D        | Killed a curse toe
  4549 | D        | Noticed a vampire knight
  4550 | D        | Noticed an Executioner
  4550 | D        | Noticed an Executioner
  4551 | D        | Noticed an Executioner
  4554 | D        | Noticed an Executioner
  4554 | D        | Killed a vampire knight
  4557 | D        | Killed Gloorx Vloq
  4557 | D        | Reached XP level 15. HP: 52/139 MP: 1/29
  4559 | D        | Noticed a greater mummy
  4564 | D        | Killed a greater mummy
  4776 | D        | Got the Orb of Zot
  4818 | D        | Noticed an angel
  4826 | D        | Killed an angel
  4838 | D        | Noticed a profane servitor
  4860 | D        | Killed a profane servitor
  4883 | D        | Noticed an Orb Guardian
  4891 | D        | Killed an Orb Guardian
  4919 | D        | Escaped with the Orb!

Illustrated notes

Levels and vault maps discovered:
D:        the_violet_keep_of_menkaure [sprint2_stairs_cluster_1,
          sprint2_shoproom, sprint2_temple, sprint2_basic_supplies,
          sprint2_obstacle_2, sprint2_obstacle_3, sprint2_obstacle_5,
          sprint2_obstacle_1, sprint2_obstacle_6, sprint2_timed_cluster_1,
          sprint2_smallroom_cluster_1, sprint2_smallroom_final_cluster_1,
          sprint2_transparent_cluster_1, sprint2_second_timed_cluster_1,
          sprint2_sniper_area_1, sprint2_heavy_combat_area_1,
          sprint2_mutation_trap_area_1, sprint2_forest_area_1,
          sprint2_light_combat_area_1, sprint2_behind_water_1,
          sprint2_near_end_vault_1]

Skill      XL: |  1  2  3  4  5  6  7  8  9 10 11 12 13 14 15 |
---------------+----------------------------------------------+-----
Axes           | 4 5 10 12 14 16 17 18 20 21 | 21.3
Shields        | 6 7 9 12 13 15 | 15.0
Fighting       | 4 8 10 13 15 18 20 21 | 21.4
Armour         | 4 6 11 15 18 19 | 19.1
Invocations    | 6 11 14 18 20 21 | 21.9
Evocations     | 5 8 |  8.8

Action                   |  1- 3 |  4- 6 |  7- 9 | 10-12 | 13-15 || total
-------------------------+-------+-------+-------+-------+-------++-------
Melee: War axe           |     8 |    14 |    10 |       |       ||    32
       Broad axe         |       |       |    53 |    33 |       ||    86
       Battleaxe         |       |       |       |    80 |   130 ||   210
 Fire: Arbalest          |       |       |     2 |       |    16 ||    18
Throw: Dart              |       |       |       |     1 |       ||     1
Invok: Cleansing Flame   |       |       |       |     4 |     6 ||    10
       Divine Shield     |       |       |       |     1 |       ||     1
       Summon Divine War |       |       |       |       |     2 ||     2
       Brand Weapon With |       |       |       |       |     1 ||     1
 Abil: Dig               |       |       |       |     2 |       ||     2
Evoke: Wand              |       |       |     1 |     8 |       ||     9
       Lightning rod     |       |       |       |     4 |       ||     4
  Use: Potion            |     1 |       |     5 |     7 |     8 ||    21
       Scroll            |       |       |     1 |    15 |     3 ||    19
  Eat: Ration            |       |       |     1 |     2 |     2 ||     5
       Chunk             |       |       |       |       |     1 ||     1
Armor: Scale mail        |     2 |     8 |    16 |     7 |       ||    33
       Gold dragon scale |       |       |       |    19 |    51 ||    70
Dodge: Dodged            |     3 |     6 |     5 |    21 |     9 ||    44
Block: Kite shield       |     3 |    11 |       |       |       ||    14
       Tower shield      |       |       |    63 |    80 |   102 ||   245
